 Dungeon Crawl Stone Soup version 0.28-a0-1506-g3893175d92 (webtiles) character file.

Game seed: 8675552035977304170

11225 lonewolfV2 the Basher (level 11, -2/101 HPs)
             Began as a Minotaur Fighter on Jan 13, 2022.
             Killed from afar by an electric eel (7 damage)
             ... with a bolt of electricity
             ... on level 10 of the Dungeon.
             The game lasted 00:19:36 (12033 turns).

lonewolfV2 the Basher (Minotaur Fighter)           Turns: 12033, Time: 00:19:37

Health: -2/101     AC: 11    Str: 26    XL:     11   Next: 46%
Magic:  0/10       EV: 13    Int:  5    God:
Gold:   363        SH:  5    Dex:  9    Spells: 10/10 levels left

rFire   . . .      SeeInvis .   n - +6 flail (drain)
rCold   . . .      Faith    .   c - +0 buckler
rNeg    . . .      Spirit   +   d - +3 leather armour {rPois}
rPois   +          Reflect  .   (helmet restricted)
rElec   .          Harm     .   (no cloak)
rCorr   .          Rampage  .   (no gloves)
Will    .....                   (no boots)
Stlth   ++........              q - amulet of guardian spirit
HPRegen 0.26/turn               e - +4 ring of protection
MPRegen 0.12/turn               i - ring of flight

@: flying
A: horns 2, retaliatory headbutt
a: no special abilities


You were on level 10 of the Dungeon.
You visited 1 branch of the dungeon, and saw 10 of its levels.

You collected 363 gold pieces.

Inventory:

Hand Weapons
 a - a +0 war axe of freezing
 n - a +6 flail of draining (weapon)
 w - a +4 rapier of speed
Missiles
 s - 2 throwing nets
Armour
 b - a +0 scale mail
 c - a +0 buckler (worn)
 d - a +3 leather armour of poison resistance (worn)
Jewellery
 e - a +4 ring of protection (left hand)
 h - a ring of see invisible
 i - a ring of flight (right hand)
 q - an amulet of guardian spirit (around neck)
Wands
 j - a wand of iceblast (10)
 m - a wand of polymorph (6)
 r - a wand of flame (5)
 t - a wand of digging (5)
 C - a wand of acid (2) (quivered)
Scrolls
 k - a scroll of teleportation
 p - 3 scrolls of identify
 y - a scroll of fear
 z - 2 scrolls of amnesia
 A - a scroll of enchant weapon
 B - a scroll of vulnerability
 F - a scroll of brand weapon
Potions
 f - a potion of magic
 g - a potion of degeneration
 l - 4 potions of attraction
 u - 2 potions of lignification
 v - 2 potions of mutation
 D - a potion of cancellation
 E - a potion of flight


   Skills:
 + Level 10.7 Fighting
 + Level 4.8(10.0) Axes
 + Level 13.5(13.8) Maces & Flails
 + Level 2.1 Throwing
 + Level 7.9 Armour
 + Level 7.0 Dodging
 + Level 3.2 Stealth
 + Level 6.8 Shields


You had 10 spell levels left.
You didn't know any spells.
Your spell library contained the following spells:

 Spells                   Type           Power      Damage    Failure   Level
 Blink                    Tloc           0%         N/A       75%         2
 Ensorcelled Hibernation  Hex/Ice        0%         N/A       75%         2
 Passwall                 Tmut/Erth      0%         N/A       75%         2
 Lesser Beckoning         Tloc           0%         N/A       92%         3
 Swiftness                Air            0%         N/A       92%         3
 Manifold Assault         Tloc           0%         N/A       100%        5
 Iron Shot                Conj/Erth      0%         9d1       100%        6
 Lehudib's Crystal Spear  Conj/Erth      0%         10d2      100%        8


Dungeon Overview and Level Annotations

Branches:
Dungeon (10/15)            Temple (0/1) D:6            Lair (0/6) D:9
    Orc: D:9-12

Altars:
Cheibriados
Kikubaaqudgha

Portals:
Bailey: D:10

Annotations:
D:6 squill's ghost, amateur HOCj
D:10 exclusion: ice statue


Innate Abilities, Weirdness & Mutations

You have a pair of horns on your head.
You reflexively headbutt those who attack you in melee.


Message History

You sock the meliai zombie!
The meliai zombie is almost destroyed.
The meliai zombie hits you but does no damage. x2
You sock the meliai zombie!
You destroy the meliai zombie!
The electric eel shoots out a bolt of lightning at you!
The bolt of electricity misses you.
The electric eel shoots out a bolt of lightning at you!
The bolt of electricity hits you. x2
You hit the electric eel. Your headbutt misses the electric eel.
The electric eel is moderately wounded.
You barely miss the electric eel.
The electric eel is moderately wounded.
The electric eel shoots out a bolt of lightning at you!
The bolt of electricity hits you!
* * * LOW HITPOINT WARNING * * *
You miss the electric eel. You headbutt the electric eel!
You kill the electric eel!
You hear a splash.
The electric eel shoots out a bolt of lightning at you!
The bolt of electricity hits you!
* * * LOW HITPOINT WARNING * * *
The electric eel shoots out a bolt of lightning at you!
The bolt of electricity hits you!
* * * LOW HITPOINT WARNING * * *
The electric eel shoots out a bolt of lightning at you!
The bolt of electricity hits you.
* * * LOW HITPOINT WARNING * * *
The electric eel shoots out a bolt of lightning at you!
The bolt of electricity hits you.
* * * LOW HITPOINT WARNING * * *
The electric eel shoots out a bolt of lightning at you!
The bolt of electricity hits you.
* * * LOW HITPOINT WARNING * * *
Okay, then.
An electric eel is nearby!
You are too injured to fight recklessly!
The electric eel shoots out a bolt of lightning at you!
The bolt of electricity hits you!
You die...

#≈≈≈≈≈#≈≈≈≈# ##≈≈≈≈≈≈
#≈≈≈≈##..≈≈# ##≈≈≈≈≈≈#
##≈≈≈≈##)(|####≈≈≈≈####
#≈≈≈≈#########≈≈≈###
#≈≈≈≈### ####≈≈≈##
#≈≈≈≈≈≈###≈≈≈≈≈≈#
#≈≈≈≈≈≈≈≈≈S≈≈≈≈##
##≈≈≈≈≈≈≈≈≈≈≈≈≈#
#≈≈≈≈@≈≈≈≈≈≈≈##
##≈≈≈≈≈≈≈≈≈###
###.≈≈≈#### ######


You could see an electric eel.

Vanquished Creatures
  Gastronok (D:8)
  Erolcha (D:9)
  An ice dragon (D:10)
  Harold (D:7)
  A hydra (D:6)
  A two-headed ogre (D:9)
  A deep elf pyromancer (D:7)
  Maurice (D:9)
  Psyche (D:9)
  A troll (D:8)
  2 meliai zombies (D:10)
  Sigmund (D:9)
  A wraith (D:10)
  11 yaks (D:9)
  Eustachio (D:5)
  5 humans (D:9)
  Duvessa (D:6)
  2 orc warriors
  2 black bears
  A necrophage (D:5)
  4 ice beasts
  2 ogres
  3 centaurs
  6 bullfrogs
  Dowan (D:6)
  A water moccasin skeleton (D:5)
  3 wights (D:9)
  An electric eel (D:10)
  3 howler monkeys (D:7)
  A centaur zombie (D:6)
  2 bullfrog zombies
  4 hounds
  3 orc priests
  Terence (D:3)
  4 iguanas
  11 orc wizards
  2 killer bee zombies
  A hound skeleton (D:5)
  A mummy (D:9)
  A gnoll (D:1)
  7 adders
  2 river rats (D:5)
  2 shadow imps
  2 white imps (D:6)
  5 worms
  23 orcs
  3 endoplasms
  2 giant cockroaches
  8 goblins
  3 hobgoblins (D:1)
  3 jackals
  5 quokkas
  6 ball pythons
  3 bats
  4 frilled lizards
  4 kobolds
  9 rats
183 creatures vanquished.

Notes
Turn   | Place    | Note
-------+----------+-------------------------------------------
     0 | D:1      | lonewolfV2 the Minotaur Fighter began the quest for the
                  | Orb.
     0 | D:1      | Reached XP level 1. HP: 19/19 MP: 0/0
    42 | D:1      | Reached XP level 2. HP: 7/27 MP: 1/1
   466 | D:1      | Got Rashrueq's Almanac of Earth
   841 | D:1      | Reached XP level 3. HP: 33/33 MP: 2/2
  1089 | D:2      | Found an ancient bone altar of Kikubaaqudgha.
  1999 | D:3      | Reached XP level 4. HP: 41/41 MP: 3/3
  2204 | D:3      | Noticed Terence
  2214 | D:3      | Killed Terence
  2419 | D:3      | Found a faded altar of an unknown god.
  3123 | D:4      | Reached XP level 5. HP: 47/47 MP: 4/4
  3310 | D:5      | Entered Level 5 of the Dungeon
  3348 | D:5      | Noticed a black bear
  3354 | D:5      | Reached skill level 1 in Maces & Flails
  3355 | D:5      | Reached skill level 5 in Fighting
  3359 | D:5      | Killed a black bear
  3360 | D:5      | Reached skill level 5 in Armour
  3360 | D:5      | Reached skill level 1 in Dodging
  3360 | D:5      | Reached XP level 6. HP: 47/56 MP: 5/5
  3572 | D:5      | Reached skill level 2 in Maces & Flails
  3719 | D:5      | Reached skill level 3 in Maces & Flails
  3785 | D:5      | Reached XP level 7. HP: 60/61 MP: 6/6
  3810 | D:5      | Noticed Eustachio
  3851 | D:5      | Killed Eustachio
  3852 | D:5      | Reached skill level 4 in Maces & Flails
  4324 | D:5      | Reached skill level 5 in Maces & Flails
  4841 | D:6      | Found a transporter.
  4846 | D:6      | Noticed a four-headed hydra
  4847 | D:6      | Noticed squill's ghost (amateur HOCj)
  4853 | D:6      | Found a transporter.
  4977 | D:6      | Found a staircase to the Ecumenical Temple.
  5215 | D:6      | Reached XP level 8. HP: 70/70 MP: 7/7
  5243 | D:6      | Reached skill level 6 in Maces & Flails
  6052 | D:6      | Reached skill level 7 in Maces & Flails
  6074 | D:6      | Noticed Duvessa
  6074 | D:6      | Noticed Dowan
  6080 | D:6      | Killed Dowan
  6091 | D:6      | Killed Duvessa
  6528 | D:6      | Killed a four-headed hydra
  6529 | D:6      | Reached skill level 8 in Maces & Flails
  6529 | D:6      | Reached skill level 1 in Stealth
  6529 | D:6      | Reached XP level 9. HP: 50/79 MP: 4/8
  6718 | D:7      | Reached skill level 5 in Shields
  6724 | D:7      | Noticed a deep elf pyromancer
  6732 | D:7      | Killed a deep elf pyromancer
  6733 | D:7      | Reached skill level 9 in Maces & Flails
  6863 | D:7      | Noticed Harold
  6877 | D:7      | Killed Harold
  6878 | D:7      | Reached skill level 10 in Maces & Flails
  8102 | D:8      | Reached skill level 11 in Maces & Flails
  8102 | D:8      | Reached XP level 10. HP: 67/90 MP: 7/9
  8614 | D:8      | Noticed Gastronok
  8627 | D:8      | Killed Gastronok
  8628 | D:8      | Reached skill level 5 in Dodging
  8973 | D:9      | Found a snail-covered altar of Cheibriados.
  8977 | D:9      | Noticed Erolcha
  8984 | D:9      | Killed Erolcha
  8985 | D:9      | Reached skill level 12 in Maces & Flails
  8985 | D:9      | Reached skill level 1 in Throwing
  9072 | D:9      | Found a staircase to the Lair.
  9502 | D:9      | Noticed a two-headed ogre
  9510 | D:9      | Killed a two-headed ogre
 10003 | D:9      | Noticed Sigmund
 10005 | D:9      | Noticed Psyche
 10022 | D:9      | Reached skill level 10 in Fighting
 10063 | D:9      | Reached XP level 11. HP: 45/99 MP: 6/10
 10087 | D:9      | Killed Psyche
 10089 | D:9      | Killed Sigmund
 10678 | D:9      | Reached skill level 13 in Maces & Flails
 10714 | D:9      | Noticed Maurice
 10723 | D:9      | Killed Maurice
 11366 | D:10     | Entered Level 10 of the Dungeon
 11369 | D:10     | Found a flagged portal.
 11416 | D:10     | Noticed an ice dragon
 11432 | D:10     | HP: 4/101 [ice dragon (5)]
 11434 | D:10     | Killed an ice dragon
 12022 | D:10     | HP: 4/101 [electric eel/bolt of electricity (3)]
 12033 | D:10     | Killed from afar by an electric eel

Illustrated notes

Levels and vault maps discovered:
D:1:      beargit_arrival_greenhouse, layout_basic
D:2:      layout_basic, basic_altar
D:3:      layout_loops_ring, hellmonk_ecumenical_altar_heavens_door,
          uniq_terence
D:4:      layout_basic, roderic_lattice_a
D:5:      layout_loops_ring, gup_sewer_entry_spiral, uniq_eustachio
D:6:      layout_loops_corners, minmay_temple_entry_arrows,
          gammafunk_ghost_arena, uniq_duvessa
D:7:      layout_loops_cross, uniq_harold
D:8:      layout_loops_cross, uniq_gastronok
D:9:      erik_cavepeople, layout_basic, slow_altar_1, uniq_erolcha,
          uniq_maurice
D:10:     minmay_twisted_water, layout_loops_cross, enter_bailey_5,
          nicolae_underground_beach

Skill      XL: |  1  2  3  4  5  6  7  8  9 10 11 |
---------------+----------------------------------+-----
Fighting       | 4 5 6 7 8 10 | 10.7
Armour         | 4 5 6 7 |  7.9
Shields        | 4 5 6 |  6.8
Axes           | 3 4 |  4.8
Maces & Flails | 1 3 5 8 11 12 13 | 13.5
Dodging        | 1 2 3 4 6 7 |  7.0
Stealth        | 1 2 3 |  3.2
Throwing       | 2 |  2.1

Action                   |  1- 3 |  4- 6 |  7- 9 | 10-12 || total
-------------------------+-------+-------+-------+-------++-------
Melee: War axe           |    90 |    15 |       |       ||   105
       Headbutt          |     7 |    10 |    32 |    51 ||   100
       Flail             |       |    69 |   205 |   197 ||   471
Throw: Throwing net      |       |       |     4 |       ||     4
  Use: Scroll            |     3 |     7 |     7 |     7 ||    24
       Potion            |       |       |     3 |     8 ||    11
 Stab: Sleeping          |       |       |       |     2 ||     2
Armor: Scale mail        |    52 |    56 |    13 |       ||   121
       Leather armour    |       |       |    83 |   118 ||   201
Dodge: Dodged            |    53 |    42 |    79 |   160 ||   334
Block: Buckler           |    18 |    12 |    37 |    45 ||   112

Table legend: (Time is in decaauts)
 A = Elapsed time spent in this place.
 B = Non-inter-level travel time spent in this place.
 C = Inter-level travel time spent in this place.
 D = Time resting spent in this place.
 E = Time spent auto-exploring this place.
 F = Levels seen in this place.
 G = Mean time per level.
                   A        B        C        D        E       F      G
               +--------+--------+--------+--------+--------+-----+--------+
         Total |  12046 |  11807 |    239 |   3670 |   6285 |  10 | 1204.6 |
       Dungeon |  12046 |  11807 |    239 |   3670 |   6285 |  10 | 1204.6 |
               +--------+--------+--------+--------+--------+-----+--------+

Top non-repeatable levels by time:
     D:9: 2423 daAuts
     D:6: 2300 daAuts
     D:7: 1175 daAuts
     D:5: 1113 daAuts
     D:1: 1085 daAuts
     D:8: 1029 daAuts
     D:2: 943 daAuts
     D:4: 696 daAuts
    D:10: 644 daAuts
     D:3: 632 daAuts
